 Dungeon Crawl Stone Soup version 0.31.0-11-ge490571c62 (webtiles) character file.

Game seed: 14001594952856314557

28 Gadfly the Trooper (level 3, 29/29 HPs)
             Began as a Demonspawn Monk on Feb 5, 2024.
             Quit the game on level 1 of the Dungeon.
             The game lasted 00:00:46 (730 turns).

Gadfly the Trooper (Demonspawn Monk)                 Turns: 730, Time: 00:00:47

Health: 29/29      AC:  3    Str: 13    XL:     3   Next: 0%
Magic:  3/3        EV: 13    Int: 10    God:
Gold:   46         SH:  0    Dex: 15    Spells: 2/2 levels left

rFire   . .          .
                       - Unarmed
rCold   . . .        c - orb {light}
rNeg    . . .        a - +0 robe
rPois   .            (no helmet)
rElec   .            (no cloak)
rCorr   .            (no gloves)
SInv    .            e - +0 pair of boots
Will    .....        (no amulet)
Stlth   +            (no ring)
HPRegen 0.24/turn    (no ring)
MPRegen 0.16/turn

%: no passive effects
@: glowing
A: foul stench 1, magic regeneration
a: no special abilities


You were on level 1 of the Dungeon.
You visited 1 branch of the dungeon, and saw 1 of its levels.

You collected 46 gold pieces.

Inventory:

Hand Weapons
 i - a +3 spear
Armour
 a - a +0 robe (worn)
 c - an orb of light (worn)
 e - a +0 pair of boots (worn)
Scrolls
 g - 2 scrolls of identify
Potions
 b - a potion of ambrosia
 d - a potion of haste
 f - a potion of attraction


   Skills:
 - Level 3.0 Fighting
 + Level 2.9 Dodging
 * Level 3.0 Unarmed Combat
 * Level 1.1 Evocations
 * Level 1.0 Shapeshifting


You had 2 spell levels left.
You didn't know any spells.
Your spell library was empty.

Dungeon Overview and Level Annotations

Branches:
Dungeon (1/15)

Altars:


Innate Abilities, Weirdness & Mutations

You may rarely emit foul miasma when damaged in melee.
You regenerate magic rapidly.


Message History

The ball python misses you. x2
The ball python bites you but does no damage.
The ball python misses you.
You hit the ball python but do no damage.
The ball python completely misses you. The ball python barely misses you.
You hit the ball python.
You kill the ball python!
No target in view!
No target in view!
No target in view!
No target in view!
No target in view!
A rat comes into view.
The rat squeaks loudly.
The rat misses you.
You hit the rat.
The rat is severely wounded.
The rat misses you.
You hit the rat.
You kill the rat!
No target in view!
No target in view!
No target in view!
No target in view!
A frilled lizard comes into view.
Found 13 gold pieces.
The frilled lizard hisses angrily.
The frilled lizard bites you.
You hit the frilled lizard.
You kill the frilled lizard!
You have reached level 3!
Your experience leads to an increase in your attributes!
Increase (S)trength, (I)ntelligence, or (D)exterity?
You feel stronger. x2; Your demonic ancestry asserts itself...
Your magic begins to regenerate rapidly.
You now have 46 gold pieces (gained 13).
A ball python comes into view.
A ball python is nearby!
A ball python is nearby!
Are you sure you want to abandon this character and quit the game? (Confirm with "yes".)

#.# ######.# #
#.# #......#
#.# #.######
#.# #.#
#######.######
#.#
#............#
#.#
#.##########.#
#.# # #...#
#.# ## #@..#
#.# ##.
#...S..#..#
#.#######.#
##+###.#..#
#.........#
#.#..#
##########.
#..#.# #..
...#.. #.# ...
..# #.# ## ..#
#.# #.#


You could see a ball python.

Vanquished Creatures
  A gnoll (D:1)
  A dart slug (D:1)
  2 ball pythons (D:1)
  2 endoplasms (D:1)
  3 goblins (D:1)
  2 quokkas (D:1)
  3 frilled lizards (D:1)
  A kobold (D:1)
  2 rats (D:1)
17 creatures vanquished.

Notes
Turn   | Place    | Note
-------+----------+-------------------------------------------
     0 | D:1      | Gadfly the Demonspawn Monk began the quest for the Orb.
     0 | D:1      | Reached XP level 1. HP: 18/18 MP: 1/1
   154 | D:1      | Gained mutation: You may rarely emit foul miasma when
                  | damaged in melee. [demonic ancestry]
   154 | D:1      | Reached XP level 2. HP: 10/24 MP: 2/2
   290 | D:1      | Reached skill level 1 in Evocations
   463 | D:1      | Reached skill level 1 in Shapeshifting
   689 | D:1      | Gained mutation: You regenerate magic rapidly. [demonic
                  | ancestry]
   689 | D:1      | Reached XP level 3. HP: 26/29 MP: 3/3
   730 | D:1      | Quit the game

Illustrated notes

Levels and vault maps discovered:
D:1:      spicycebolla_arrival_xxxplode, layout_loops_ring,
          shapermc_ecumenical_altar_mp_vishouse, minmay_hexomino_u4

Skill      XL: |  1  2 |
---------------+-------+-----
Unarmed Combat | 3 |  3.0
Evocations     | 1 |  1.1
Shapeshifting  | 1 |  1.0
Fighting       | |  3.0
Dodging        | |  2.9

Action                     || total
---------------------------++-------
  Melee: Unarmed           ||    56
    Use: Scroll            ||     4
 Armour: Robe              ||    20
  Dodge: Dodged            ||    31
